 Dungeon Crawl Stone Soup version 0.30-a0-358-g0d69a1922f (webtiles) character file.

Game seed: 11248423854343180609

3126 lunkers the Cleaver (level 9, -3/72 HPs)
             Began as an Armataur Warper on Nov 10, 2022.
             Was a Priest of Cheibriados.
             Slain by a two-headed ogre
             ... wielding a +0 giant spiked club
              (22 damage)
             ... on level 8 of the Dungeon.
             The game lasted 00:08:54 (7481 turns).

lunkers the Cleaver (Armataur Warper)               Turns: 7481, Time: 00:08:54

Health: -3/72      AC: 11    Str: 23    XL:     9   Next: 61%
Magic:  11/11      EV:  9    Int: 22    God:    Cheibriados [***...]
Gold:   216        SH:  4    Dex: 20    Spells: 2/11 levels left

rFire   . . .      SeeInvis .    a - +6 hand axe of Noon {drain, Stlth+}
rCold   . . .      Faith    .    b - +0 buckler
rNeg    . . .      Spirit   .    z - +1 ring mail
rPois   .          Reflect  .    (no helmet)
rElec   .          Harm     .    (no cloak)
rCorr   .          Roll     +    m - +0 pair of gloves
Will    +....                    (no barding)
Stlth   ++........               (no amulet)
HPRegen 0.32/turn                h - +4 ring of protection
MPRegen 0.12/turn                i - ring of willpower

@: very slow
A: large, rugged brown scales 3, deformed body, armoured tail, roll, long
tongue, awkward tongue
a: Renounce Religion, Bend Time, Temporal Distortion


You were on level 8 of the Dungeon.
You worshipped Cheibriados.
Cheibriados was most pleased with you.
You visited 2 branches of the dungeon, and saw 9 of its levels.
You also visited: Ossuary.

You collected 896 gold pieces.
You spent 680 gold pieces at shops.

Inventory:

Hand Weapons
 a - the +6 hand axe of Noon (weapon) {drain, Stlth+}
   (You bought it in a shop on level 2 of the Dungeon)

   A truly terrible weapon, it drains the life of any living foe it strikes.
   Stlth:     It makes you more stealthy.
Missiles
 d - 5 boomerangs of dispersal
 o - 5 atropa-tipped darts
 s - 12 poisoned darts
 G - 5 silver javelins
Armour
 b - a +0 buckler (worn)
 k - a +0 kite shield
 m - a +0 pair of gloves (worn)
 u - a +3 plate armour of cold resistance
 z - a +1 ring mail (worn)
Jewellery
 h - a +4 ring of protection (left hand)
 i - a ring of willpower (right hand)
 p - a +6 ring of strength
 w - a ring of poison resistance
 y - a +6 ring of intelligence
 H - a +4 ring of protection
Wands
 r - a wand of flame (30)
 v - a wand of polymorph (4)
Scrolls
 c - 3 scrolls of blinking
 g - a scroll of enchant armour
 t - 3 scrolls of teleportation
 B - a scroll of fear
Potions
 e - a potion of lignification {unknown}
 f - 2 potions of heal wounds {unknown}
 j - 2 potions of attraction {unknown}
 l - 2 potions of invisibility
 n - 2 potions of mutation
 q - 7 potions of curing
 x - 2 potions of might {unknown}
 C - a potion of magic {unknown}
 D - a potion of ambrosia {unknown}
 E - a potion of resistance {unknown}
 F - 2 potions of cancellation


   Skills:
 - Level 2.7 Fighting
 - Level 4.8 Short Blades
 + Level 10.3 Axes
 - Level 0.8 Throwing
 - Level 1.2 Armour
 - Level 1.3 Dodging
 + Level 0.0 Shields
 - Level 1.7 Spellcasting
 - Level 3.0 Translocations


You had 2 spell levels left.
You knew the following spells:

 Your Spells              Type           Power      Damage    Failure   Level
b - Blink                 Tloc           30%        N/A       13%         2
c - Vhi's Electric Charg  Tloc/Air       16%        N/A       43%         3
d - Manifold Assault      Tloc           15%        N/A       63%         4

Your spell library contained the following spells:

 Spells                   Type           Power      Damage    Failure   Level
 Sublimation of Blood     Necr           1%         N/A       41%         2
 Gell's Gravitas          Tloc           15%        N/A       26%         3
 Lesser Beckoning         Tloc           30%        N/A       26%         3
 Teleport Other           Tloc           15%        N/A       26%         3
 Kindle Blastsparks       Fire/Tloc/Air  12%        2d11      50%         3
 Iskenderun's Mystic Bla  Conj/Tloc      8%         2d4       83%         4
 Fulminant Prism          Conj/Hex       0%         3d5       96%         4
 Petrify                  Tmut/Erth      1%         N/A       96%         4
 Irradiate                Conj/Tmut      0%         3d11      100%        5
 Lee's Rapid Deconstruct  Erth           0%         3d4*      100%        5


Dungeon Overview and Level Annotations

Branches:
Dungeon (8/15)             Temple (1/1) D:4         Ossuary (visited)
   Lair: D:8-11

Altars:
Ashenzari
Cheibriados
Dithmenos
Elyvilon
Fedhas
Gozag
Hepliaklqana
Kikubaaqudgha
Makhleb
Nemelex Xobeh
Okawaru
Qazlal
Ru
Sif Muna
Trog
Vehumet
Wu Jian
Xom
Yredelemnul
Zin
The Shining One

Shops:
D:2 *   D:4 [   D:5 =

Annotations:
D:6 2 runed translucent doors, sirJeffrey23's ghost, novice FoFi
D:8 Maurice


Innate Abilities, Weirdness & Mutations

You are completely covered in rugged brown scales. (AC +3, +7% HP)
Armour fits poorly on your strangely shaped body.
You have a long armoured tail.
You roll when moving toward enemies. (Rampage)
Your long tongue fully drains potion bottles. (2x potion effects)
Your tongue gives you trouble enunciating. (1.5x scroll delay)


Message History

The yak is almost dead.
You slash the yak!
You kill the yak!
Cheibriados thoroughly appreciates the change of pace.
Cheibriados raises the support of your attributes as your movement slows.
Things that are here:
a yak corpse; a yak corpse HP restored.
Found 2 potions of degeneration.
No target in view!
Found 8 stones.
No target in view!
Maurice the Thief comes into view.
He is wielding a +3 dagger of draining, wearing a +2 cloak of poison resistance and carrying a wand of paralysis (12).
Maurice shouts!
You hear two shouts!
A two-headed ogre comes into view.
It is wielding two +0 giant spiked clubs.
You hear a croak.
Aiming: Polymorph
Press: ? - help, Shift-Dir - straight line, f - two-headed ogre
Aim: a two-headed ogre, wielding two +0 giant spiked clubs (will become an orb spider, an elephant, or a merfolk, chance to affect: 31%)
The two-headed ogre easily resists.
Maurice gestures wildly while chanting.
Maurice flickers and vanishes!
Deactivating autopickup; reactivate with Ctrl-A.
Aiming: Polymorph
Press: ? - help, Shift-Dir - straight line, f/p - two-headed ogre
Aim: a two-headed ogre, wielding two +0 giant spiked clubs (will become an orb spider, an elephant, or a merfolk, chance to affect: 31%)
The two-headed ogre easily resists.
Okay, then.
The two-headed ogre attacks as you move away!
The two-headed ogre hits you with a +0 giant spiked club!!
The two-headed ogre hits you with a +0 giant spiked club!
* * * LOW HITPOINT WARNING * * *
Aiming: Polymorph
Press: ? - help, Shift-Dir - straight line, f/p - two-headed ogre
Aim: a two-headed ogre, wielding two +0 giant spiked clubs (will become an orb spider, an elephant, or a merfolk, chance to affect: 31%)
The two-headed ogre easily resists.
The two-headed ogre hits you with a +0 giant spiked club!
* * * LOW HITPOINT WARNING * * *
The two-headed ogre hits you with a +0 giant spiked club!!
You die...

## ### ..
#.###.##
#.##.#.....
#....#.##.#
#O#.##.#
#@#.##.#
#.#.##.# #
#....#.#
#.###..#<#
..#...!..#.#
##......##†##
............#
...........##
##.........#


You could see a two-headed ogre.

Vanquished Creatures
  A komodo dragon (D:7)
  3 yaks (D:8)
  3 black bears
  3 sky beasts
  2 ice beasts
  An ogre (D:4)
  2 centaurs
  A bullfrog (D:6)
  2 necrophages
  3 scorpions
  3 centaur zombies (Ossuary)
  A howler monkey (D:6)
  2 hounds
  A jelly (D:7)
  An orc priest (D:4)
  Jessica (D:3)
  11 iguanas
  Natasha (twice) (D:2)
  2 orc wizards (D:4)
  6 mummies
  8 gnolls
  4 river rats (D:6)
  7 adders
  2 shadow imps
  A white imp (D:7)
  An ufetubus (D:4)
  2 worms
  2 dart slugs (D:1)
  18 orcs
  14 ball pythons
  4 endoplasms (D:4)
  6 giant cockroaches
  13 goblins
  7 hobgoblins
  4 jackals
  6 kobolds
  7 quokkas
  6 bats
  7 frilled lizards
  A goblin zombie (D:4)
  5 hobgoblin zombies
  6 rats
182 creatures vanquished.

Vanquished Creatures (others)
  5 plants (D:7)
5 creatures vanquished.

Grand Total: 187 creatures vanquished

Notes
Turn   | Place    | Note
-------+----------+-------------------------------------------
     0 | D:1      | lunkers the Armataur Warper began the quest for the Orb.
     0 | D:1      | Reached XP level 1. HP: 18/18 MP: 3/3
   139 | D:1      | Reached XP level 2. HP: 25/25 MP: 4/4
   633 | D:1      | Reached XP level 3. HP: 31/31 MP: 5/5
   852 | D:2      | Found a shimmering altar of Xom.
  1039 | D:2      | Found Wahoff's Assorted Antiques.
  1060 | D:2      | Noticed Natasha
  1079 | D:2      | Killed Natasha
  1080 | D:2      | Reached XP level 4. HP: 21/38 MP: 6/6
  1217 | D:2      | Noticed Natasha
  1241 | D:2      | Killed Natasha
  1796 | D:3      | Noticed Jessica
  1808 | D:3      | Killed Jessica
  2044 | D:3      | Reached XP level 5. HP: 38/43 MP: 7/7
  2789 | D:2      | Bought an ichor-stained hand axe for 160 gold pieces
  2789 | D:2      | Identified the +6 hand axe of Noon {drain, Stlth+} (You
                  | bought it in a shop on level 2 of the Dungeon)
  2826 | D:4      | Noticed a black bear
  2833 | D:4      | Killed a black bear
  2834 | D:4      | Reached skill level 2 in Axes
  2834 | D:4      | Reached XP level 6. HP: 44/53 MP: 8/8
  3025 | D:4      | Found a sand-covered staircase.
  3032 | Ossuary  | Entered an ossuary
  3042 | Ossuary  | Reached skill level 3 in Axes
  3262 | Ossuary  | Reached XP level 7. HP: 53/59 MP: 9/9
  3327 | D:4      | Reached skill level 4 in Axes
  3731 | D:4      | Found a staircase to the Ecumenical Temple.
  3736 | D:4      | Reached skill level 5 in Axes
  3740 | Temple   | Entered the Ecumenical Temple
  3978 | Temple   | Became a worshipper of Cheibriados the Contemplative
  3982 | Temple   | Learned a level 2 spell: Blink
  3986 | Temple   | Learned a level 3 spell: Vhi's Electric Charge
  3991 | Temple   | Learned a level 4 spell: Manifold Assault
  4159 | D:4      | Found Hoditir's Armour Emporium.
  4448 | D:5      | Entered Level 5 of the Dungeon
  4523 | D:5      | Reached skill level 6 in Axes
  4642 | D:5      | Found Urchoal's Jewellery Emporium.
  4650 | D:5      | Reached XP level 8. HP: 66/66 MP: 10/10
  4741 | D:5      | Reached * piety under Cheibriados
  5238 | D:6      | Reached skill level 7 in Axes
  5316 | D:6      | Found a stormy altar of Qazlal.
  5363 | D:6      | Found a sparkling altar of Nemelex Xobeh.
  5464 | D:6      | Found a large runed translucent door.
  5464 | D:6      | Found a large runed translucent door.
  5468 | D:6      | Noticed sirJeffrey23's ghost (novice FoFi)
  5507 | D:6      | Reached ** piety under Cheibriados
  5510 | D:6      | Reached skill level 8 in Axes
  5985 | D:6      | Identified a scroll of acquirement
  5985 | D:6      | Acquired 449 gold pieces
  6137 | D:2      | Bought a shiny plate armour for 520 gold pieces
  6305 | D:7      | Noticed a komodo dragon
  6312 | D:7      | Killed a komodo dragon
  6313 | D:7      | Reached XP level 9. HP: 33/72 MP: 11/11
  6535 | D:7      | Reached skill level 9 in Axes
  6962 | D:7      | Reached *** piety under Cheibriados
  7321 | D:8      | Reached skill level 10 in Axes
  7477 | D:8      | Noticed Maurice
  7477 | D:8      | Noticed a two-headed ogre
  7481 | D:8      | Slain by a two-headed ogre

Illustrated notes

Levels and vault maps discovered:
D:1:      saegor_arrival_simple_b, layout_basic
D:2:      layout_basic, serial_shops, nicolae_shop_stone, basic_altar,
          uniq_natasha
D:3:      layout_loops_cross, grunt_decor_resistance, uniq_jessica
D:4:      minmay_bubble_buster, layout_basic, minmay_temple_entry_proselytizer,
          nicolae_ossuary_entry_giza, serial_shops,
          nicolae_shop_competitors_out_of_business,
          eino_small_chamber_without_monster
D:5:      layout_basic, minmay_shop_enchanted_jewellery
D:6:      layout_rooms, mainiacjoe_overflow_catwalk_spiral,
          portal_sewer_entry_e, ebering_ghost_disaster_area, minmay_between
D:7:      layout_gridville, minmay_misc_feat_diagonals, minmay_lizard_king
D:8:      layout_basic, serial_shops, kennysheep_mini_moat, uniq_pikel,
          uniq_prince_ribbit1, uniq_erica, uniq_maurice, uniq_joseph,
          uniq_maggie
Temple:   compressed_dpeg_triangle_lava_temple

Skill      XL: |  1  2  3  4  5  6  7  8  9 |
---------------+----------------------------+-----
Short Blades   | 2 3 4 |  4.8
Fighting       | 2 |  2.7
Axes           | 2 3 6 8 10 | 10.3
Throwing       | |  0.8
Armour         | |  1.2
Dodging        | |  1.3
Spellcasting   | |  1.7
Translocations | |  3.0

Action                   |  1- 3 |  4- 6 |  7- 9 || total
-------------------------+-------+-------+-------++-------
Melee: Short sword       |   166 |   172 |       ||   338
       Tailslap          |    18 |    30 |    28 ||    76
       Punch             |     1 |     2 |     4 ||     7
       Hand axe          |       |    57 |   246 ||   303
Throw: Boomerang         |     2 |       |       ||     2
Evoke: Wand              |       |       |     3 ||     3
  Use: Scroll            |       |       |    14 ||    14
 Stab: Sleeping          |       |     3 |     6 ||     9
Armor: Leather armour    |    75 |    84 |    12 ||   171
       Ring mail         |       |       |    91 ||    91
Dodge: Dodged            |    71 |    64 |    81 ||   216
Block: Buckler           |       |       |     2 ||     2

Table legend: (Time is in decaauts)
 A = Elapsed time spent in this place.
 B = Non-inter-level travel time spent in this place.
 C = Inter-level travel time spent in this place.
 D = Time resting spent in this place.
 E = Time spent auto-exploring this place.
 F = Levels seen in this place.
 G = Mean time per level.
                   A        B        C        D        E       F      G
               +--------+--------+--------+--------+--------+-----+--------+
         Total |   8434 |   7760 |    674 |    152 |   6200 |  10 |  843.4 |
       Dungeon |   7882 |   7236 |    646 |      0 |   5922 |   8 |  985.2 |
        Temple |    269 |    242 |     27 |      0 |    217 |   1 |  269.0 |
       Ossuary |    282 |    282 |      0 |    152 |     61 |   1 |  282.0 |
               +--------+--------+--------+--------+--------+-----+--------+

Top non-repeatable levels by time:
     D:7: 1400 daAuts
     D:4: 1189 daAuts
     D:3: 1109 daAuts
     D:5: 1103 daAuts
     D:2: 1096 daAuts
     D:6: 1062 daAuts
     D:1: 744 daAuts
 Ossuary: 282 daAuts
  Temple: 269 daAuts
     D:8: 175 daAuts
